 Dungeon Crawl Stone Soup version 0.27.1-33-g824d729ab1 (webtiles) character file.

Game seed: 8518254824303578207

26 Descartes the Skirmisher (level 2, -2/16 HPs)
             Began as a Felid Wanderer on Nov 29, 2021.
             Slain by a gnoll (11 damage)
             ... on level 1 of the Dungeon.
             The game lasted 00:04:11 (1358 turns).

Descartes the Skirmisher (Felid Wanderer)           Turns: 1358, Time: 00:04:12

Health: -2/16      AC:  1    Str: 10    XL:     2   Next: 89%
Magic:  3/3        EV: 16    Int: 14    God:
Gold:   17         SH:  0    Dex: 12    Spells: 1/1 levels left
                                        Lives:  0   Deaths: 0

rFire    . . .     SeeInvis +     - Unarmed
rCold    . . .     Faith    .   (shield unavailable)
rNeg     . . .     Spirit   .   (armour unavailable)
rPois    .         Reflect  .   (helmet unavailable)
rElec    .         Harm     .   (cloak unavailable)
rCorr    .         Rampage  .   (gloves unavailable)
Will     .....                  (boots unavailable)
Stlth    +.........             (no amulet)
HPRegen  0.05/turn              (no ring)
MPRegen  0.08/turn              (no ring)

@: quick
A: very small, claws 1, fangs 3, see invisible, speed 1, shaggy fur 1, stealthy
paws, no weapons or thrown items, no armour, multi-lived
a: no special abilities


You were on level 1 of the Dungeon.
You visited 1 branch of the dungeon, and saw 1 of its levels.

You collected 17 gold pieces.

Inventory:

Missiles
 e - 16 stones
Scrolls
 b - a scroll of blinking
 f - a scroll of teleportation {unknown}
Potions
 a - a potion of heal wounds
 c - a potion of lignification
 d - a potion of curing


   Skills:
 - Level 6.2 Fighting
 + Level 2.4 Dodging
 + Level 1.8 Unarmed Combat
 - Level 2.1 Evocations


You had one spell level left.
You didn't know any spells.
Your spell library was empty.

Dungeon Overview and Level Annotations

Branches:
Dungeon (1/15)

Altars:

Shops:
D:1 *?*


Innate Abilities, Weirdness & Mutations

You have sharp claws.
You have razor-sharp teeth.
You have supernaturally acute eyesight. (SInv)
You cover ground quickly. (Speed+)
You are covered in fur. (AC +1)
Your paws help you pounce on unaware monsters.
You are incapable of wielding weapons or throwing items.
You cannot wear armour.
You gain extra lives every three experience levels.


Message History

You are too injured to fight recklessly!
You are too injured to fight recklessly!
You are too injured to fight recklessly!
You are too injured to fight recklessly!
You are too injured to fight recklessly!
You are too injured to fight recklessly!
You are too injured to fight recklessly!
The bat hits you.
You closely miss the bat. The bat barely misses you.
You closely miss the hobgoblin. You bite the hobgoblin.
You kill the hobgoblin!
The bat barely misses you. The bat misses you.
You scratch the bat.
You kill the bat!
You scratch the gnoll.
The gnoll is moderately wounded.
The gnoll misses you.
You see here a +0 mace.
A gnoll is nearby!
You see here a dart slug corpse.
A hobgoblin comes into view.
A hobgoblin is nearby!
There is a staircase leading out of the dungeon here.
You start resting.
HP restored.
A gnoll is nearby!
You scratch the gnoll.
The gnoll is heavily wounded.
The gnoll hits you with a +0 flail!
You scratch the gnoll.
The gnoll is heavily wounded.
The gnoll misses you.
You closely miss the gnoll.
The gnoll is heavily wounded.
The gnoll closely misses you.
You closely miss the gnoll.
The gnoll is heavily wounded.
The gnoll hits you with a +0 flail!
Ouch! That really hurt!
You die...

....#.#.#####.....
#...........)8###
#####......######>###
>.............8.∩.8. #.
#................... #.
##...............8... .#
#....######..)##..### ..
#.#.g######....######
#.#####)##@.......#...###..
#.#.....##.######.#).......
#.#.######.#....#.#....##..
#...## #.#<.#.#.#.##.....
##...#####.####.#.#........
#.#.....#......#.#...####.
...#.....########.#.#.####.
..####............).#.#....#.
... #.).(..#######...####.#.


You could see a gnoll.

Vanquished Creatures
  A dart slug (D:1)
  4 bats (D:1)
  2 endoplasms (D:1)
  3 giant cockroaches (D:1)
  A goblin (D:1)
  A hobgoblin (D:1)
  7 kobolds (D:1)
  A frilled lizard (D:1)
  A rat (D:1)
21 creatures vanquished.

Notes
Turn   | Place    | Note
-------+----------+-------------------------------------------
     0 | D:1      | Descartes the Felid Wanderer began the quest for the Orb.
     0 | D:1      | Descartes set off with the following items: a potion of
                  | heal wounds, a scroll of blinking, a potion of
                  | lignification, a potion of curing
     0 | D:1      | Reached XP level 1. HP: 13/13 MP: 2/2
   425 | D:1      | Found Wuumal's Magic Scroll Emporium.
   479 | D:1      | Reached XP level 2. HP: 3/16 MP: 3/3
   778 | D:1      | Found Ephoer's General Store.
  1051 | D:1      | Found Vuwor's Assorted Antiques.
  1053 | D:1      | Found a faded altar of an unknown god.
  1358 | D:1      | Slain by a gnoll

Illustrated notes

Levels and vault maps discovered:
D:1:      zelgadis_glass_arrival_small, layout_rooms, serial_shops,
          nicolae_shop_crystal, shop, shop, nicolae_shop_statue_plus, shop,
          hellmonk_ecumenical_altar_crossroads, st_stairs_12

Skill      XL: |  1  2 |
---------------+-------+-----
Dodging        | 2 |  2.4
Fighting       | |  6.2
Unarmed Combat | |  1.8
Evocations     | |  2.1

Action                   || total
-------------------------++-------
Melee: Unarmed           ||    71
       Bite              ||    10
Armor: Skin              ||     6
Dodge: Dodged            ||    61
